 Dungeon Crawl Stone Soup version 0.21-a0-578-gc6e9d75 (webtiles) character file.

393 Megalobster the Sneak (level 6, -10/28 HPs)
             Began as a Spriggan Enchanter on Dec 17, 2017.
             Killed by divine providence
             ... invoked by an orc priest
              (15 damage)
             ... on level 3 of the Dungeon on Dec 18, 2017.
             The game lasted 00:22:41 (6297 turns).

Megalobster the Sneak (Spriggan Enchanter)          Turns: 6297, Time: 00:22:42

Health: -10/28     AC:  2    Str:  3 (5)  XL:     6   Next: 51%
Magic:  3/12       EV: 19    Int: 13 (16) God:
Gold:   163        SH:  6    Dex: 17 (18) Spells: 0/12 levels left

rFire    . . .     SeeInvis +   a - +1 dagger
rCold    . . .     Gourm    +   e - +0 buckler
rNeg     . . .     Faith    .   b - +0 robe
rPois    .         Spirit   .   (helmet restricted)
rElec    .         Reflect  .   (no cloak)
rCorr    .         Harm     .   (gloves unavailable)
MR       +....                  (boots unavailable)
Stlth    ++++......             g - amulet of the gourmand
HPRegen  0.09/turn              (no ring)
MPRegen  0.13/turn              (no ring)

@: very quick
A: very small, unfitting armour, see invisible, herbivore, speed 3, slow
metabolism 2
a: no special abilities


You were on level 3 of the Dungeon.
You were very hungry.

You visited 1 branch of the dungeon, and saw 4 of its levels.

You collected 163 gold pieces.

Inventory:

Hand Weapons
 a - a +1 dagger (weapon)
Armour
 b - a +0 robe (worn)
 e - a +0 buckler (worn)
Jewellery
 g - an amulet of the gourmand (around neck)
 m - an uncursed ring of resist corrosion {unknown}
Scrolls
 f - 4 scrolls of noise {unknown}
 h - a scroll of blinking {unknown}
 k - a scroll of enchant weapon {unknown}
 l - 4 scrolls of identify {unknown}
 n - a scroll of fog {unknown}
 p - 2 scrolls of amnesia {unknown}
 r - a scroll of magic mapping {unknown}
Potions
 i - a potion of curing
 j - a potion of berserk rage {unknown}
 q - 2 potions of lignification {unknown}
Books
 c - a book of Maledictions

   Spells                             Type                      Level
   a - Corona                         Hexes                        1
   b - Ensorcelled Hibernation        Hexes/Ice                    2
   c - Confuse                        Hexes                        3
   d - Tukima's Dance                 Hexes                        3
   e - Dazzling Spray                 Conjuration/Hexes            3
Comestibles
 d - 3 rations


   Skills:
 + Level 2.5 Short Blades
 + Level 4.5 Dodging
 * Level 7.0 Stealth
 * Level 2.4 Shields
 + Level 3.7 Spellcasting
 + Level 4.4 Hexes


You couldn't memorise any spells.
You knew the following spells:

 Your Spells              Type           Power        Failure   Level  Hunger
a - Corona                Hex            ##.....      4%          1    #......
b - Ensorcelled Hibernat  Hex/Ice        #.....       19%         2    ##.....
c - Confuse               Hex            ##......     14%         3    ###....
d - Tukima's Dance        Hex            ##......     14%         3    ###....
e - Dazzling Spray        Conj/Hex       #.....       34%         3    ###....


Dungeon Overview and Level Annotations

Branches:
Dungeon (4/15)
 Temple: D:4-7

Altars:
Dithmenos


Innate Abilities, Weirdness & Mutations

You are very small and have problems with some larger weapons.
You are too small for most types of armour.
You have supernaturally acute eyesight. (SInv)
You are a herbivore.
You cover ground extremely quickly.
You need consume almost no food.


Message History

The orc priest is severely wounded.
You block the orc priest's attack.
Your shield prevents you from hitting the orc priest.
The orc priest is severely wounded.
The orc priest looks satisfied for a moment.
You hit the orc priest but do no damage.
The orc priest is severely wounded.
You hit the orc priest but do no damage.
The orc priest is severely wounded.
The orc priest misses you.
You barely miss the orc priest.
The orc priest is severely wounded.
The orc priest misses you.
Okay, then.
You hit the orc priest.
The orc priest is severely wounded.
The orc priest invokes the aid of Beogh against you.
Beogh smites you!
Ouch! That really hurt!
You die...

#.##.##.#####.#...#.....#
#.##.##.................#
#.......#######...###.#########
####.#### ##.## #..>......# #.#
#.# #########.# #.# #.# #.# #.#
##'## #.# ####.### ##...## #.#
#...#..# ##o@...## ####.#
#..###.## ##.......## ##....#
#.#.#...####.........####...#.##
#.##.......'.........'..........
#.###....###.........####...).##
#.####.#.# ##.......## #.....#
#......#.# ##.....## #(######
########.# ##...## #(....≈≈ #.#
##'## #..(..≈≈


You could see an orc priest.

Vanquished Creatures
  A scorpion (D:3)
  A hound (D:4)
  An orc wizard (D:4)
  Natasha (twice) (D:4)
  2 worker ants (D:4)
  Robin (D:2)
  7 adders
  An ooze (D:3)
  3 worms
  2 dart slugs (D:2)
  3 leopard geckos
  3 orcs (D:4)
  4 giant cockroaches
  15 goblins
  11 hobgoblins
  4 jackals (D:3)
  16 kobolds
  2 ball pythons
  11 bats
  2 frilled lizards
  6 rats
98 creatures vanquished.

Vanquished Creatures (collateral kills)
  An orc (D:4)
  A hobgoblin (D:2)
  A goblin (D:2)
3 creatures vanquished.

Vanquished Creatures (others)
  3 dancing weapons
3 creatures vanquished.

Grand Total: 104 creatures vanquished

Notes
Turn   | Place    | Note
-------+----------+-------------------------------------------
     0 | D:1      | Megalobster the Spriggan Enchanter began the quest for the Orb.
     0 | D:1      | Reached XP level 1. HP: 9/9 MP: 5/5
     0 | D:1      | Upgraded the game from 0.21-a0-552-g593960d to 0.21-a0-578-gc6e9d75
   341 | D:1      | Reached XP level 2. HP: 12/13 MP: 6/6
   352 | D:1      | Learned a level 2 spell: Ensorcelled Hibernation
  1203 | D:2      | Reached skill level 5 in Stealth
  1469 | D:2      | Reached XP level 3. HP: 13/16 MP: 8/8
  1700 | D:2      | Reached skill level 1 in Shields
  2015 | D:2      | Found a shadowy altar of Dithmenos.
  2118 | D:2      | Learned a level 3 spell: Confuse
  2652 | D:2      | Reached XP level 4. HP: 21/21 MP: 9/9
  2659 | D:2      | Learned a level 3 spell: Tukima's Dance
  2721 | D:2      | Noticed Robin
  2731 | D:2      | Killed Robin
  3836 | D:3      | Reached XP level 5. HP: 24/24 MP: 3/10
  4117 | D:3      | Reached skill level 6 in Stealth
  5199 | D:4      | Noticed Natasha
  5242 | D:4      | Killed Natasha
  5242 | D:4      | Reached XP level 6. HP: 18/28 MP: 5/12
  5323 | D:4      | Noticed Natasha
  5327 | D:4      | Killed Natasha
  5775 | D:4      | HP: 1/28 [orc/stone (2)]
  6163 | D:4      | Reached skill level 7 in Stealth
  6189 | D:4      | Learned a level 3 spell: Dazzling Spray
  6297 | D:3      | Killed from afar by an orc priest

Vault maps used:
D:1:      eino_arrival_druids_welcome
D:2:      nicolae_dithmenos_shadow_blocks, minmay_pentomino_s4, uniq_robin
D:3:      first_ration, minmay_goblin_outpost
D:4:      uniq_natasha

Skill      XL: |  1  2  3  4  5  6 |
---------------+-------------------+-----
Stealth        | 5 6 7 |  7.0
Spellcasting   | 3 |  3.7
Shields        | 1 2 |  2.4
Hexes          | 4 |  4.4
Dodging        | 4 |  4.5
Short Blades   | 2 |  2.5

Action                   |  1- 3 |  4- 6 || total
-------------------------+-------+-------++-------
Melee: Dagger            |   128 |   187 ||   315
 Cast: Ensorcelled Hiber |    18 |    34 ||    52
       Tukima's Dance    |       |     7 ||     7
       Confuse           |       |    13 ||    13
  Use: Potion            |       |     4 ||     4
 Stab: Sleeping          |    20 |    33 ||    53
       Distracted        |       |     4 ||     4
       Confused          |       |     5 ||     5
  Eat: Ration            |     1 |     3 ||     4
Armor: Robe              |    11 |     9 ||    20
Dodge: Dodged            |    70 |    93 ||   163
Block: Buckler           |    32 |    53 ||    85

Table legend:
 A = Spawn XP
 B = Non-spawn XP
 C = Spawn XP percentage of total XP
 D = Spawn monster count
 E = Non-spawn monster count
 F = Spawn count percentage of total count
 G = Total turns spent on level
                    A         B        C        D         E        F      G
               +---------+---------+-------+---------+---------+-------+---------
         Total |       0 |     562 |   0.0 |       0 |     101 |   0.0 |  6297
               +---------+---------+-------+---------+---------+-------+---------
           D:1 |       0 |      28 |   0.0 |       0 |      17 |   0.0 |  1475
           D:2 |       0 |     157 |   0.0 |       0 |      44 |   0.0 |  2272
           D:3 |       0 |     129 |   0.0 |       0 |      28 |   0.0 |  1441
           D:4 |       0 |     248 |   0.0 |       0 |      12 |   0.0 |  1109
               +---------+---------+-------+---------+---------+-------+---------
